Map: Nebelsumpf

Players

BalBao

  • Race: Protoss Protoss
  • Spawn Location: 9:00

Geohot

  • Race: Terran Terran
  • League: Gold
  • Spawn Location: 9:00

Nicklas

  • Race: Protoss Protoss
  • Spawn Location: 12:00

RiseAgainst

  • Race: Terran Terran
  • League: Diamond
  • Spawn Location: 12:00

Panda

  • Race: Protoss Protoss
  • League: Diamond
  • Spawn Location: 3:00

EnTRoY

  • Race: Protoss Protoss
  • Spawn Location: 3:00

VOD

Have the link to the VOD?

Description

Time

  • Played on: Sept. 7, 2017, 4:06 p.m.
  • Length: 4:31
Show
View Real Time Build Order
Export as new Build Order

BalBao Protoss 

Build Orders: Cannon Rush 

Get SALT Encoding   

  12  0:01  Probe (Chrono Boost)  
  13  0:14  Pylon  
  13  0:18  Probe (Chrono Boost)  
  14  0:28  Probe (Chrono Boost)  
  15  0:36  Forge  
  15  0:40  Probe (Chrono Boost)  
  16  0:52  Pylon  
  16  0:53  Probe (Chrono Boost)  
  17  1:14  Photon Cannon  
  17  1:18  Photon Cannon  
  17  1:24  Pylon  
  17  1:32  Probe (Chrono Boost)  
  18  1:43  Photon Cannon  
  18  1:49  Photon Cannon  
  18  2:00  Photon Cannon  
  18  2:08  Pylon  
  18  2:18  Photon Cannon  
  18  2:28  Photon Cannon  
  18  2:36  Photon Cannon  
  18  2:53  Pylon  
  18  2:58  Pylon  
  18  3:07  Photon Cannon  
  17  3:20  Probe (Chrono Boost)  
  18  3:29  Gateway  
  18  3:30  Probe (Chrono Boost)  
  18  3:33  Assimilator  
  19  3:39  Assimilator  
  19  4:01  Probe (Chrono Boost)  
  20  4:06  Pylon  
  20  4:09  Pylon  
  20  4:11  Probe (Chrono Boost)  
  21  4:18  Pylon  
  21  4:30  Photon Cannon  
Show
View Real Time Build Order
Export as new Build Order

Geohot Terran 

Build Orders: Cyclone Opening 

Get SALT Encoding   

  12  0:01  SCV  
  13  0:13  SCV  
  14  0:25  Supply Depot, SCV  
  15  0:29  Refinery  
  15  0:47  SCV  
  15  0:49  Barracks  
  16  0:58  Refinery  
  16  0:59  SCV  
  17  1:11  SCV  
  18  1:23  SCV  
  19  1:35  SCV  
  19  1:39  Factory  
  20  1:41  Barracks Reactor  
  20  1:47  SCV  
  21  1:59  SCV  
  22  2:11  SCV  
  23  2:16  Supply Depot  
  23  2:24  Factory  
  23  2:38  Cyclone x2, SCV  
  30  2:46  Supply Depot  
  30  2:53  SCV  
  30  2:57  Barracks Reactor  
  31  3:10  Cyclone  
  34  3:21  Supply Depot  
  34  3:22  Cyclone  
  37  3:32  Orbital Command  
  37  3:53  Cyclone  
Show
View Real Time Build Order
Export as new Build Order

Nicklas Protoss 

Build Orders:  

Get SALT Encoding   

  12  0:03  Probe (Chrono Boost)  
  13  0:14  Probe (Chrono Boost)  
  14  0:20  Pylon  
  14  0:24  Probe (Chrono Boost)  
  15  0:30  Assimilator  
  15  0:43  Gateway  
  15  0:45  Probe (Chrono Boost)  
  16  0:51  Assimilator  
  16  0:55  Probe (Chrono Boost)  
  17  1:06  Probe (Chrono Boost)  
  18  1:16  Probe (Chrono Boost)  
  19  1:27  Probe (Chrono Boost)  
  19  1:31  Cybernetics Core  
  20  1:33  Pylon  
  20  1:37  Probe (Chrono Boost)  
  21  1:48  Probe (Chrono Boost)  
  22  1:59  Probe (Chrono Boost)  
  23  2:12  Stargate  
  23  2:13  Stargate  
  23  2:15  Forge  
  23  2:20  Pylon  
  23  2:55  Void Ray (Chrono Boost)  
  31  3:03  Void Ray (Chrono Boost)  
  31  3:06  Photon Cannon  
  31  3:25  Pylon  
  35  3:34  Void Ray (Chrono Boost)  
Show
View Real Time Build Order
Export as new Build Order

RiseAgainst Terran 

Build Orders:  

Get SALT Encoding   

  12  0:05  SCV  
  13  0:17  SCV  
  14  0:22  Supply Depot  
  14  0:30  SCV  
  15  0:44  Barracks, SCV  
  15  0:48  Refinery  
  16  0:56  SCV  
  17  1:08  SCV  
  18  1:20  SCV  
  19  1:32  Orbital Command, Barracks Tech Lab  
  19  1:45  Command Center  
  19  1:53  Marauder  
  21  2:01  Supply Depot  
  21  2:03  SCV  
  22  2:17  Barracks  
  22  2:27  Marauder  
  24  2:50  Marauder  
  26  3:11  Marauder  
  28  3:18  Barracks Tech Lab  
  28  3:23  Factory  
  28  3:24  Refinery  
  26  3:38  Orbital Command  
  26  3:42  Marauder  
  26  3:48  Marauder  
  30  3:50  Factory  
  30  3:52  Barracks, SCV  
  30  4:04  SCV  
Show
View Real Time Build Order
Export as new Build Order

Panda Protoss 

Build Orders:  

Get SALT Encoding   

  12  0:01  Probe (Chrono Boost)  
  13  0:17  Pylon  
  13  0:26  Probe (Chrono Boost)  
  14  0:36  Probe (Chrono Boost)  
  15  0:47  Probe (Chrono Boost)  
  16  0:56  Forge  
  16  0:57  Probe (Chrono Boost)  
  17  1:08  Probe (Chrono Boost), Pylon  
  18  1:18  Probe (Chrono Boost)  
  18  1:29  Probe (Chrono Boost)  
  19  1:35  Assimilator  
  19  1:39  Probe (Chrono Boost)  
  20  1:42  Gateway  
  20  1:46  Photon Cannon  
  20  1:49  Pylon  
  20  1:50  Probe (Chrono Boost)  
  21  2:00  Probe (Chrono Boost)  
  22  2:05  Photon Cannon  
  22  2:09  Photon Cannon  
  22  2:17  Photon Cannon  
  22  2:23  Probe (Chrono Boost)  
  23  2:34  Photon Cannon  
  23  2:46  Photon Cannon  
  23  2:49  Photon Cannon  
  23  3:03  Pylon  
  23  3:06  Photon Cannon  
  23  3:21  Probe (Chrono Boost)  
  24  3:32  Probe (Chrono Boost)  
  25  3:40  Pylon  
  25  3:42  Probe (Chrono Boost)  
  26  3:50  Gateway  
  26  3:53  Probe (Chrono Boost)  
  27  4:00  Pylon  
  27  4:03  Probe (Chrono Boost)  
  27  4:24  Gateway  
Show
View Real Time Build Order
Export as new Build Order

EnTRoY Protoss 

Build Orders:  

Get SALT Encoding   

  12  0:01  Probe (Chrono Boost)  
  13  0:12  Probe (Chrono Boost)  
  14  0:18  Pylon  
  14  0:25  Probe (Chrono Boost)  
  15  0:36  Probe (Chrono Boost)  
  15  0:41  Gateway  
  16  0:46  Probe (Chrono Boost)  
  17  0:57  Probe (Chrono Boost)  
  17  1:03  Pylon  
  18  1:08  Probe (Chrono Boost)  
  19  1:14  Assimilator  
  20  1:18  Probe (Chrono Boost)  
  20  1:29  Cybernetics Core  
  20  1:31  Pylon  
  20  1:32  Probe (Chrono Boost)  
  21  1:37  Zealot  
  23  1:49  Probe (Chrono Boost)  
  22  2:00  Probe (Chrono Boost)  
  23  2:06  Gateway  
  23  2:07  Gateway  
  23  2:14  Warp Gate (Chrono Boost)  
  24  2:23  Probe (Chrono Boost)  
  24  2:24  Stalker  
  24  2:37  Probe (Chrono Boost)  
  24  2:44  Gateway x2  
  25  2:48  Probe (Chrono Boost)  
  28  3:06  Stalker x2  
  28  3:11  Probe  
  31  3:33  Probe  
  32  3:43  Nexus  
  30  4:24  Stalker x2  
  30  4:25  Stalker  
Tags
 
Add a new tag
Caveats
  • Supply blocks, unpowered buildings, or Contaminate may cause inaccurate times.
  • Supply counts are checked every 10 seconds.